 Dungeon Crawl Stone Soup version 0.31-a0-819-gf6de2f5ab6 (webtiles) character file.

Game seed: 8844606084942327460

93 Shayle the Ducker (level 4, -2/41 HPs)
             Began as an Ogre Hexslinger on Sept 24, 2023.
             Slain by a kobold brigand
             ... wielding a +0 club
              (7 damage)
             ... in a sewer.
             The game lasted 00:02:45 (1470 turns).

Shayle the Ducker (Ogre Hexslinger)                 Turns: 1470, Time: 00:02:46

Health: -2/41      AC:  3    Str: 13 (16) XL:     4   Next: 61%
Magic:  5/5        EV: 10    Int: 12 (14) God:
Gold:   113        SH:  0    Dex: 12 (13) Spells: 5/5 levels left

rFire   . . .        j - +8 sling "Gionunurph" {elec, Str+4}
rCold   . . .        (no shield)
rNeg    . . .        c - +0 robe
rPois   .            (helmet restricted)
rElec   .            (no cloak)
rCorr   .            (gloves unavailable)
SInv    .            (boots unavailable)
Will    .....        (no amulet)
Stlth   +            (no ring)
HPRegen 0.26/turn    (no ring)
MPRegen 0.09/turn

%: no passive effects
@: no status effects
A: large, unfitting armour, tough skin 1
a: no special abilities


You were in a sewer.
You visited 1 branch of the dungeon, and saw 3 of its levels.
You also visited: Sewer.

You collected 113 gold pieces.

Inventory:

Hand Weapons
 a - a +1 sling
 j - the +8 sling "Gionunurph" (weapon) {elec, Str+4}
   (You found it on level 2 of the Dungeon)

   Str+4:     It affects your strength (+4).
Armour
 c - a +0 robe (worn)
Scrolls
 b - a scroll of poison
 d - a scroll of enchant weapon {unknown}
 f - 2 scrolls of torment {unknown}
 i - 2 scrolls of fear {unknown}
 l - a scroll of revelation {unknown}
 m - 2 scrolls of fog {unknown}
 n - a scroll of vulnerability {unknown}
Potions
 e - a potion of might {unknown}
 g - a potion of curing {unknown}
 h - a potion of degeneration
 k - a potion of lignification {unknown}


   Skills:
 - Level 1.3 Fighting
 - Level 1.3 Ranged Weapons
 + Level 3.2 Dodging
 + Level 2.4 Unarmed Combat
 - Level 1.2 Spellcasting
 - Level 2.6 Hexes
 - Level 0.8 Fire Magic


You had 5 spell levels left.
You didn't know any spells.
Your spell library contained the following spells:

 Spells                   Type           Power      Damage    Failure   Level
 Jinxbite                 Hex            14%        N/A       16%         2
 Sigil of Binding         Hex            7%         N/A       30%         3
 Cigotuvi's Dreadful Rot  Necr/Pois/Air  0%         N/A       41%         2
 Inner Flame              Hex/Fire       4%         N/A       41%         3
 Ignite Poison            Fire/Tmut/Pois 1%         N/A       61%         3
 Cause Fear               Hex            3%         N/A       69%         4
 Dimensional Bullseye     Hex/Tloc       1%         N/A       86%         4
 Freezing Cloud           Conj/Ice/Air   0%         6-21      100%        5


Dungeon Overview and Level Annotations

Branches:
Dungeon (3/15)              Sewer (1/1)

Altars:
Trog

Shops:
D:2 [

Annotations:
D:3 Robin


Innate Abilities, Weirdness & Mutations

You are too large for most types of armour.
You have tough skin. (AC +1)


Message History

The sling bullet hits the kobold brigand.
The kobold brigand is heavily wounded.
You feel sick. The kobold brigand closely misses you.
You are too injured to fight recklessly!
You shoot a sling bullet.
The sling bullet misses the kobold brigand.
You feel sick.
The kobold brigand hits you with a +0 club.
The kobold brigand splashes around in the water.
You shoot a sling bullet.
The sling bullet hits the kobold brigand.
The kobold brigand is severely wounded.
You feel sick.
The kobold brigand hits you but does no damage.
You shoot a sling bullet.
The sling bullet barely misses the kobold brigand.
You feel sick.
You are no longer poisoned.
The kobold brigand splashes around in the water.
You shoot a sling bullet.
The sling bullet barely misses the kobold brigand.
The kobold brigand hits you with a +0 club.
* * * LOW HITPOINT WARNING * * *
The kobold brigand splashes around in the water.
You shoot a sling bullet.
The sling bullet misses the kobold brigand.
The kobold brigand closely misses you.
You shoot a sling bullet.
The sling bullet barely misses the kobold brigand.
The kobold brigand barely misses you.
You shoot a sling bullet.
The sling bullet barely misses the kobold brigand.
The kobold brigand hits you with a +0 club!
* * * LOW HITPOINT WARNING * * *
The kobold brigand splashes around in the water.
It was a potion of degeneration.
There was something very wrong with that liquid.
You feel weakened.
You feel dopey.
You feel clumsy.
The kobold brigand hits you with a +0 club!
You die...

#~~~~.#####~..~.
#.~..## #~~~.
#~~~## #~.~
#~..# .~~ #.~~#
##~~~## #~~~~~#
#~###.# #@# ~#
#K# ~# ~~~ ~.
#~#~# ~ #~ ~# #~
~# #. .# ## ##


You could see a kobold brigand.

Vanquished Creatures
  3 adders (D:2)
  A river rat (D:3)
  A worm (D:3)
  2 dart slugs
  5 bats
  4 endoplasms
  A giant cockroach (D:1)
  5 hobgoblins
  3 jackals (D:2)
  2 kobolds
  2 quokkas
  4 ball pythons
  3 frilled lizards
  5 goblins
  9 rats
50 creatures vanquished.

Notes
Turn   | Place    | Note
-------+----------+-------------------------------------------
     0 | D:1      | Shayle the Ogre Hexslinger began the quest for the Orb.
     0 | D:1      | Reached XP level 1. HP: 19/19 MP: 2/2
    67 | D:1      | Reached skill level 2 in Dodging
   103 | D:1      | Reached XP level 2. HP: 26/27 MP: 3/3
   170 | D:1      | Reached skill level 1 in Unarmed Combat
   481 | D:2      | Found a bloodstained altar of Trog.
   494 | D:2      | Identified the +8 sling "Gionunurph" {elec, Str+4}
   552 | D:2      | Found Sosurua's Armour Emporium.
   691 | D:2      | Reached XP level 3. HP: 28/33 MP: 4/4
   849 | D:2      | Reached XP level 4. HP: 38/41 MP: 5/5
   853 | D:2      | Reached skill level 3 in Dodging
  1066 | D:3      | Noticed Robin
  1311 | D:3      | Found a bloodstained altar of Trog.
  1378 | D:3      | Found a glowing drain.
  1383 | Sewer    | Entered a sewer
  1452 | Sewer    | Noticed a kobold brigand
  1470 | Sewer    | Slain by a kobold brigand

Illustrated notes

Levels and vault maps discovered:
D:1:      dpeg_arrival_court, layout_rooms
D:2:      layout_loops_ring, serial_shops, shop_statue, basic_altar
D:3:      minmay_inner_zag, layout_basic, mainiacjoe_overflow_cross_hatched,
          portal_sewer_entry_e, uniq_crazy_yiuf_cottage, uniq_natasha,
          uniq_robin
Sewer:    sewer_co_tree

Skill      XL: |  1  2  3  4 |
---------------+-------------+-----
Dodging        | 2 3 |  3.2
Unarmed Combat | 1 2 |  2.4
Fighting       | |  1.3
Ranged Weapons | |  1.3
Spellcasting   | |  1.2
Hexes          | |  2.6
Fire Magic     | |  0.8

Action                     |  1- 3 |  4- 6 || total
---------------------------+-------+-------++-------
   Fire: Sling             |    65 |    50 ||   115
    Use: Potion            |       |     1 ||     1
 Armour: Robe              |    16 |    23 ||    39
  Dodge: Dodged            |    13 |    15 ||    28

Table legend: (Time is in decaauts)
 A = Elapsed time spent in this place.
 B = Non-inter-level travel time spent in this place.
 C = Inter-level travel time spent in this place.
 D = Time resting spent in this place.
 E = Time spent auto-exploring this place.
 F = Levels seen in this place.
 G = Mean time per level.
                   A        B        C        D        E       F      G
               +--------+--------+--------+--------+--------+-----+--------+
         Total |   1506 |   1363 |    143 |    116 |    825 |   4 |  376.5 |
       Dungeon |   1414 |   1271 |    143 |     64 |    825 |   3 |  471.3 |
         Sewer |     91 |     91 |      0 |     52 |      0 |   1 |   91.0 |
               +--------+--------+--------+--------+--------+-----+--------+

Top non-repeatable levels by time:
     D:2: 771 daAuts
     D:1: 466 daAuts
     D:3: 177 daAuts
   Sewer: 91 daAuts
